 Dungeon Crawl Stone Soup version 0.28-a0-1510-gd0f6b136d3 (webtiles) character file.

Game seed: 6375620571101644405

46 croobank the Insei (level 3, 0/28 HPs)
             Began as a Djinni Transmuter on Jan 14, 2022.
             Slain by Sigmund (4 damage)
             ... on level 3 of the Dungeon on Jan 15, 2022.
             The game lasted 00:07:50 (3149 turns).

croobank the Insei (Djinni Transmuter)              Turns: 3149, Time: 00:07:50

Health: 0/28       AC:  2    Str: 11    XL:     3   Next: 95%
Gold:   94         EV: 12    Int: 14    God:
                   SH:  0    Dex: 13

rFire   + + +      SeeInvis .   a - +3 short sword
rCold   x . .      Faith    .   j - orb {*Rage}
rNeg    . . .      Spirit   .   h - +0 robe
rPois   ∞          Reflect  .   (helmet currently unavailable)
rElec   .          Harm     .   (no cloak)
rCorr   .          Rampage  .   (no gloves)
Will    .....      Rage     20% (boots unavailable)
Stlth   +.........              (no amulet)
HPRegen 0.09/turn               c - ring of protection from fire
MPRegen 0.00/turn               (no ring)

@: mighty, appendages (expiring), on berserk cooldown, flying, slowed, very slow
A: horns 2, flying, sickness immunity, fire resistance 2, cold vulnerability 1,
float, innate caster, hp casting, extra vitality 1
a: End Transformation


You were on level 3 of the Dungeon.
You had temporarily grown beastly horns.
You visited 1 branch of the dungeon, and saw 3 of its levels.

You collected 94 gold pieces.

Inventory:

Hand Weapons
 a - a +3 short sword (weapon)
Missiles
 b - 24 arrows
 i - 17 sling bullets
 k - 22 stones
Armour
 g - a +2 hat (melded)
 h - a +0 robe (worn)
 j - an orb of wrath (worn)
Jewellery
 c - a ring of protection from fire (left hand)
Scrolls
 d - 2 scrolls of teleportation {unknown}
 e - 2 scrolls of amnesia {unknown}
 l - a scroll of identify {unknown}
Potions
 m - a potion of heal wounds {unknown}


   Skills:
 + Level 1.9 Fighting
 + Level 0.7 Short Blades
 + Level 2.8 Dodging
 - Level 3.2 Unarmed Combat
 + Level 2.0 Spellcasting


You couldn't memorise any spells.
You knew the following spells:

 Your Spells              Type           Power      Damage    Failure   Level
a - Beastly Appendage     Tmut           14%        N/A       11%         1
b - Wereblood             Tmut           7%         N/A       16%         2
c - Spider Form           Tmut/Pois      7%         N/A       30%         3
d - Ice Form              Ice/Tmut       7%         N/A       71%         4
e - Magic Dart            Conj           28%        1d4       11%         1
Your spell library was empty.

Dungeon Overview and Level Annotations

Branches:
Dungeon (3/15)

Altars:

Annotations:
D:3 Sigmund


Innate Abilities, Weirdness & Mutations

You have temporarily grown beastly horns.
You are flying.
You are immune to sickness and miasma.
You are immune to poison.
Your flesh is very heat resistant. (rF++)
You are vulnerable to cold. (rC-)
You float through the air rather than walking.
You learn spells naturally, not from books.
Your magical power is your life essence.
You have superior vitality. (+4 MHP)


Message History

Sigmund flickers and vanishes!
Deactivating autopickup; reactivate with Ctrl-A.
Casting: Beastly Appendage (safe; 11% risk of failure)
Confirm with . or Enter, or press ? or * to list all spells.
You grow a pair of large bovine horns.
Your +2 hat melds into your body.
Something hits you but does no damage.
A red film seems to cover your vision as you go berserk!
You feel yourself moving faster!
You feel mighty!
You barely miss something. Your headbutt misses something.
You puncture something!
You hear some strange, mumbled words.
You are confused.
Your transformation is almost over.
You hear some strange, mumbled words.
Something tries to affect you, but you resist.
You're too confused to move!
You feel a strong urge to attack something.
Something hits you!
You are no longer berserk.
You are exhausted.
You feel yourself slow down.
You hear some strange, mumbled words.
A puff of flame appears from out of thin air!
The puff of flame hits you. You resist.
You hear some strange, mumbled words.
A magic dart appears from out of thin air!
The magic dart hits you.
You hear some strange, mumbled words.
A magic dart appears from out of thin air!
The magic dart hits you!
* * * LOW HITPOINT WARNING * * *
Okay, then.
It was a potion of might.
You feel very mighty all of a sudden. Something hits you.
* * * LOW HITPOINT WARNING * * *
You're too confused to move!
You feel less confused. Something hits you.
You die...

#. #.. .#. #.. ##
..####.# ..#
#......# ..# #..
#..### ...#
####.##....##...###
............{......
##.......@....###
#..<..#########
#####.# #.# #..
####


There were no monsters in sight!

Vanquished Creatures
  An adder (D:2)
  A dart slug (D:2)
  An orc (D:3)
  3 bats (D:1)
  An endoplasm (D:1)
  A giant cockroach (D:1)
  4 hobgoblins
  2 quokkas
  3 ball pythons
  3 frilled lizards
  8 goblins
  2 kobolds
  3 rats (D:1)
33 creatures vanquished.

Notes
Turn   | Place    | Note
-------+----------+-------------------------------------------
     0 | D:1      | croobank the Djinni Transmuter began the quest for the Orb.
     0 | D:1      | Reached XP level 1. HP: 17/17 MP: 0/0
   559 | D:1      | Reached XP level 2. HP: 21/22 MP: 0/0
   580 | D:1      | Found a faded altar of an unknown god.
  1730 | D:2      | Reached XP level 3. HP: 22/27 MP: 0/0
  1730 | D:2      | Learned a level 1 spell: Magic Dart
  2330 | D:2      | You are sucked into a shaft and drop 1 floor!
  3136 | D:3      | Noticed Sigmund
  3149 | D:3      | Slain by Sigmund

Illustrated notes

Levels and vault maps discovered:
D:1:      kilobyte_arrival_exit_the_forest, layout_loops_ring,
          nicolae_ecumenical_lake_church
D:2:      cheibrodos_greedy_goblins, layout_basic, serial_rivers,
          chequers_serial_rivers_micro_c, chequers_serial_rivers_small_3,
          chequers_serial_rivers_large_b, chequers_serial_rivers_small_a,
          chequers_serial_rivers_small_3, chequers_serial_rivers_room_a,
          minivault_25, minmay_nonomino_d4
D:3:      layout_rooms, minitemple, serial_shops, shop_fountains, st_stairs_5,
          minmay_vboxes, uniq_sigmund

Skill      XL: |  1  2  3 |
---------------+----------+-----
Spellcasting   | 2 |  2.0
Fighting       | |  1.9
Short Blades   | |  0.7
Dodging        | |  2.8
Unarmed Combat | |  3.2

Action                   || total
-------------------------++-------
Melee: Unarmed           ||    53
       Headbutt          ||    14
       Short sword       ||    47
 Cast: Beastly Appendage ||    27
       Wereblood         ||     2
  Use: Potion            ||     2
Armor: Robe              ||    26
Dodge: Dodged            ||    60

Table legend: (Time is in decaauts)
 A = Elapsed time spent in this place.
 B = Non-inter-level travel time spent in this place.
 C = Inter-level travel time spent in this place.
 D = Time resting spent in this place.
 E = Time spent auto-exploring this place.
 F = Levels seen in this place.
 G = Mean time per level.
                   A        B        C        D        E       F      G
               +--------+--------+--------+--------+--------+-----+--------+
         Total |   3164 |   3066 |     98 |    579 |   2074 |   3 | 1054.7 |
       Dungeon |   3164 |   3066 |     98 |    579 |   2074 |   3 | 1054.7 |
               +--------+--------+--------+--------+--------+-----+--------+

Top non-repeatable levels by time:
     D:1: 1516 daAuts
     D:2: 1346 daAuts
     D:3: 302 daAuts
